AoeStats
← Wilypf

Arena

510409301Analyzed
1v1 RM · 20h ago on Sep 30, 2026· 23m 1s· 2 players
Game mode
Random Map
Map size
Tiny (2 player)
Population
200
Speed
Normal
Resources
Standard
Victory
Conquest
Starting age
Dark Age
Ending age
Imperial Age
RankedLock teamsTeams togetherTeam positionsShared explorationLock speedFull tech treeHidden civsTurbo modeCheats
Victory
Defeat
🇪🇨 Mongols · Ecuador
732
+13
🇬🇧 Teutons · United Kingdom
673
-13
R3dstackz
0:31 Loom
15:28 Feudal Age
18:08 Wheelbarrow
20:45 Castle Age
18:22 Man-at-Arms
19:12 Horse Collar
19:52 Double-Bit Axe
20:40 Scale Mail Armor
22:19 Hand Cart
Wilypf
10:37 Feudal Age
9:26 Loom
16:29 Castle Age
17:55 Wheelbarrow
18:47 Double-Bit Axe
19:09 Gold Mining
19:34 Town Watch
Connection lost

Rejoining the realm…

Still unreachable

The connection could not be restored.

Session expired

The server has moved on; the page needs a fresh start.